 Dungeon Crawl Stone Soup version 0.18.1-50-g88ac8fd (webtiles) character file.

3 ololoev the Firebug (level 1, -1/10 HPs)
             Began as a Deep Elf Fire Elementalist on Oct 26, 2016.
             Slain by a gnoll
             ... wielding a +3 flail of holy wrath
              (11 damage)
             ... on level 1 of the Dungeon.
             The game lasted 00:00:38 (75 turns).

ololoev the Firebug (Deep Elf Fire Elementalist)      Turns: 75, Time: 00:00:39

Health: -1/10      AC:  3    Str:  5    XL:     1   Next: 41%
Magic:  4/6        EV: 13    Int: 19    God:
Gold:   0          SH:  0    Dex: 15    Spells: 1 memorised, 5 levels left

rFire  . . .     SeeInvis .     (no weapon)
rCold  . . .     Gourm    .     a - +0 robe
rNeg   . . .     Faith    .     (no shield)
rPois  .         Spirit   .     (no helmet)
rElec  .         Dismiss  .     (no cloak)
rCorr  .         Reflect  .     e - +0 pair of gloves
SustAt .         Harm     .     (no boots)
MR     .....                    (no amulet)
Stlth  ++........               (no ring)
                                (no ring)

@: very slightly contaminated, not resistant to hostile enchantments, unstealthy
A: no striking features
a: no special abilities

Inventory:

Armour
 a - a +0 robe (worn)
 e - a +0 pair of gloves (worn)
Scrolls
 d - 2 scrolls of identify {unknown}
Potions
 f - 2 potions of flight {unknown}
 g - a potion of curing {unknown}
Books
 b - a book of Flames

   Spells                             Type                      Level
   a - Flame Tongue                   Conjuration/Fire             1
   b - Throw Flame                    Conjuration/Fire             2
   c - Conjure Flame                  Conjuration/Fire             3
   d - Inner Flame                    Hexes/Fire                   3
   e - Sticky Flame                   Conjuration/Fire             4
   f - Fireball                       Conjuration/Fire             5
Comestibles
 c - a bread ration


   Skills:
 - Level 2.4 Dodging
 - Level 2.4 Stealth
 + Level 3.0 Spellcasting
 + Level 1.3 Conjurations
 + Level 3.4 Fire Magic


You had 5 spell levels left.
You knew the following spells:

 Your Spells              Type           Power        Failure   Level  Hunger
a - Flame Tongue          Conj/Fire      ##...        8%          1    None


You were on level 1 of the Dungeon.
You were not hungry.

You visited 1 branch of the dungeon, and saw 1 of its levels.

................ ..
................ .. ...
................
#...#...###.........###
..#...#..# ##.......## .
#.#......# #.......# ..
..#......## ##.......## #. .##
#.#....#..###.........###.. .#?#
#.#....#.gg@...............
.###.#.#.......########.#......#
....K..#.)..K..# ######...####.#
#........># #.....)#.# .#
...............# #......#+####.#
...............###.............#+
##########.......................
...........................
............................

Notes
Turn   | Place    | Note
--------------------------------------------------------------
     0 | D:1      | ololoev the Deep Elf Fire Elementalist began the quest for the Orb.
     0 | D:1      | Reached XP level 1. HP: 10/10 MP: 6/6
    75 | D:1      | Slain by a gnoll

Dungeon Overview and Level Annotations

Branches:
Dungeon (1/15)

Altars:


Message History

d - 2 scrolls labeled DYMOZE COBUR (gained 1)
A kobold comes into view. It is wielding a dagger.
The kobold shouts!
Found a grey potion.
Casting: Flame Tongue
Confirm with . or Enter, or press ? or * to list all spells.
You can't see any susceptible monsters within range! (Use Z to cast anyway.) Unknown command.
Casting: Flame Tongue
Confirm with . or Enter, or press ? or * to list all spells.
Aiming: Flame Tongue
Press: ? - help, Shift-Dir - straight line, f - kobold
Aim: a kobold, wielding a dagger The flame tongue hits the kobold.
The kobold is heavily wounded.
Casting: Flame Tongue
Confirm with . or Enter, or press ? or * to list all spells.
Aiming: Flame Tongue
Press: ? - help, Shift-Dir - straight line, f/p - kobold
Aim: a kobold, wielding a dagger (heavily wounded)
The flame tongue hits the kobold.
You kill the kobold!
Found a pair of gloves.
Found 2 purple potions.
You see here a pair of gloves.
e - a pair of gloves Wear which item? (? for menu, Esc to quit)
You start putting on your armour.
You continue putting on your pair of gloves. x4
You finish putting on your +0 pair of gloves.
f - 2 purple potions A rat comes into view.
You see here a grey potion.
You see here a grey potion.
g - a grey potion
Casting: Flame Tongue
Confirm with . or Enter, or press ? or * to list all spells.
Aiming: Flame Tongue
Press: ? - help, Shift-Dir - straight line, f - rat
Aim: a rat The flame tongue hits the rat.
You kill the rat!
Found an escape hatch in the floor.
A hobgoblin comes into view. It is wielding a club.
The hobgoblin shouts!
Casting: Flame Tongue
Confirm with . or Enter, or press ? or * to list all spells.
Aiming: Flame Tongue
Press: ? - help, Shift-Dir - straight line, f - hobgoblin
Aim: a hobgoblin, wielding a club The flame tongue hits the hobgoblin.
The hobgoblin is heavily wounded.
Casting: Flame Tongue
Confirm with . or Enter, or press ? or * to list all spells.
Aiming: Flame Tongue
Press: ? - help, Shift-Dir - straight line, f/p - hobgoblin
Aim: a hobgoblin, wielding a club (heavily wounded)
The flame tongue hits the hobgoblin.
You kill the hobgoblin!
You see here a club.
A gnoll and a kobold come into view.
Found a scroll labeled FYGRA ACAVEEH.
The gnoll shouts!
The kobold shouts!
You hear a shout! x2
A hobgoblin comes into view.
You see here a club.
Press: ? - help, v - describe, . - travel
Here: a gnoll, wielding a flail of holy wrath The floor.
You see here a meat ration.
Casting: Flame Tongue
Confirm with . or Enter, or press ? or * to list all spells.
Aiming: Flame Tongue
Press: ? - help, Shift-Dir - straight line, f - gnoll
Aim: a gnoll, wielding a flail of holy wrath You miscast Flame Tongue.
You are very lightly contaminated with residual magic.
Nothing appears to happen.
The gnoll hits you with a flail of holy wrath!
Ouch! That really hurt!
You die...

You could see a gnoll, a hobgoblin and a kobold.

Vanquished Creatures
  A hobgoblin (D:1)
  A kobold (D:1)
  A rat (D:1)
3 creatures vanquished.

Action                   || total
-------------------------++-------
 Cast: Flame Tongue      ||     5

Vault maps used:
D:1:      minmay_arrival_four_circles, minmay_surrounded
